 Dungeon Crawl Stone Soup version 0.23.2 (webtiles) character file.

Game seed: 11612720650429186776

4967 Menchi the Fighter (level 10, -5/92 (93) HPs)
             Began as a Ghoul Fighter on Apr 6, 2019.
             Was a Priest of Makhleb.
             Killed from afar by an electric eel (9 damage)
             ... with a bolt of electricity
             ... on level 8 of the Dungeon.
             The game lasted 00:36:17 (7965 turns).

Menchi the Fighter (Ghoul Fighter)                  Turns: 7965, Time: 00:36:18

HP:   -5/92 (93)    AC:  7    Str: 23    XL:     10   Next: 53%
MP:   9/9           EV: 13    Int:  7    God:    Makhleb [***...]
Gold: 2             SH:  4    Dex:  8    Spells: 9/9 levels left

rFire    . . .     SeeInvis .   C - +2 dagger (venom)
rCold    + . .     Gourm    .   (no shield)
rNeg     + + +     Faith    .   b - +1 scale mail
rPois    ∞         Spirit   .   (no helmet)
rElec    .         Reflect  +   (no cloak)
rCorr    +         Harm     .   (no gloves)
MR       .....                  (no boots)
Stlth    ..........             r - +4 amulet of reflection
HPRegen  0.00/turn              v - ring of resist corrosion
MPRegen  0.11/turn              t - +3 ring of intelligence

@: rotting
A: rotting body, claws 1, carnivore, cold resistance 1, negative energy
resistance 3, inhibited regeneration, torment resistance, unbreathing
a: Minor Destruction, Lesser Servant of Makhleb, Renounce Religion


You were on level 8 of the Dungeon.
You worshipped Makhleb.
Makhleb was most pleased with you.
You were not hungry.

You visited 1 branch of the dungeon, and saw 8 of its levels.

You collected 464 gold pieces.
You spent 462 gold pieces at shops.

Inventory:

Hand Weapons
 a - a +0 long sword
 C - a +2 dagger of venom (weapon)
Armour
 b - a +1 scale mail (worn)
Jewellery
 p - an uncursed amulet of guardian spirit
 r - a +4 amulet of reflection (around neck)
 t - a +3 ring of intelligence (right claw)
 v - a ring of resist corrosion (left claw)
Wands
 j - a wand of clouds (2)
 u - a wand of random effects (24)
 z - a wand of digging (8)
 A - a wand of polymorph (11)
 D - a wand of paralysis (7)
Scrolls
 e - 4 scrolls of teleportation
 h - 3 scrolls of enchant weapon
 i - 3 scrolls of blinking
 m - a scroll of enchant armour
 o - 2 scrolls of fear
 q - a scroll of magic mapping
 E - 3 scrolls of identify
 G - a scroll of amnesia
Potions
 d - a potion of invisibility {unknown}
 g - 2 potions of brilliance
 k - 6 potions of curing
 w - 2 potions of lignification {unknown}
 x - a potion of haste {unknown}
 F - a potion of agility {unknown}
Comestibles
 c - 3 chunks of flesh
 f - 16 rations


   Skills:
 * Level 10.3 Fighting
 * Level 8.4 Long Blades
 - Level 2.6 Armour
 * Level 7.8 Dodging
   Level 2.6 Shields


You had 9 spell levels left.
You didn't know any spells.
Your spell library contained the following spells:

 Spells                   Type           Power        Failure   Level  Hunger
 Corona                   Hex            #......      75%         1    ##.....
 Ensorcelled Hibernation  Hex/Ice        #.....       87%         2    ###....
 Sticks to Snakes         Tmut           #.......     87%         2    ###....
 Confuse                  Hex            #.......     98%         3    ####...
 Dazzling Spray           Conj/Hex       #.....       98%         3    ####...
 Tukima's Dance           Hex            #.......     98%         3    ####...
 Beastly Appendage        Tmut           Unusable     N/A         1    N/A
 Spider Form              Tmut/Pois      Unusable     N/A         3    N/A
 Ice Form                 Ice/Tmut       Unusable     N/A         4    N/A
 Blade Hands              Tmut           Unusable     N/A         5    N/A

Dungeon Overview and Level Annotations

Branches:
Dungeon (8/15)             Temple (0/1) D:6
   Lair: D:8-11

Altars:
Makhleb
Okawaru
Ru
Trog
Vehumet
Yredelemnul
Zin

Shops:
D:6 [   D:7 =   D:8 :

Annotations:
D:7 2 runed translucent doors, OdinFK's ghost, novice DEFE


Innate Abilities, Weirdness & Mutations

Your body is rotting away.
You thrive on raw meat.
You are immune to poison.
You have sharp fingernails.
You are carnivorous and can eat meat at any time.
Your flesh is cold resistant. (rC+)
You are immune to negative energy. (rN+++)
You do not regenerate when monsters are visible.
You are immune to unholy pain and torment.
You can survive without breathing.


Message History

You enter the shallow water.
Moving in this stuff is going to be slow.
An electric eel comes into view.
Found a glowing copper ring.
You miss the electric eel.
Your unstable footing causes you to fumble your attack.
The electric eel shoots out a bolt of lightning at you!
The bolt of electricity hits you!
The electric eel shoots out a bolt of lightning at you!
The bolt of electricity hits you. The bolt of electricity hits you!
* * * LOW HITPOINT WARNING * * *
You are too injured to fight recklessly!
The electric eel shoots out a bolt of lightning at you!
The bolt of electricity misses you. The bolt of electricity hits you!
* * * LOW HITPOINT WARNING * * *
The bolt of electricity hits the electric eel.
The electric eel completely resists.
The electric eel shoots out a bolt of lightning at you!
The bolt of electricity hits you!
You die...

#...........'.......≈≈≈.≈..
#...........#.......≈≈≈.≈..
#...........#........≈≈≈...
#...........# .......≈≈≈≈[≈
#.####..##..# ....≈≈≈≈≈.≈
#.#####+##..#### #..≈≈≈≈≈.≈
..#............# #.;.≈≈.≈.;
..#(...........###...≈≈.≈.≈
..#.............@.....≈...≈
..............###..........
############### #..........
#.....##### #######


You could see an electric eel.

Vanquished Creatures
  Pikel (D:7)
  A troll (D:8)
  A hippogriff (D:7)
  Sigmund (D:4)
  A yak (D:5)
  A hungry ghost (D:6)
  A steam dragon (D:8)
  Duvessa (D:7)
  3 orc warriors
  2 ice beasts (D:8)
  A sky beast (D:8)
  3 slaves (D:7)
  A phantom (D:7)
  A necrophage (D:8)
  3 ogres
  3 centaurs
  2 wolves (D:8)
  4 bullfrogs
  Dowan (D:7)
  A scorpion (D:7)
  6 killer bees
  3 howler monkeys (D:8)
  An electric eel (D:7)
  3 crimson imps
  A jelly (D:7)
  11 orc wizards
  Crazy Yiuf (D:4)
  4 orc priests
  7 hounds
  2 bullfrog skeletons (D:5)
  An iguana (D:5)
  6 worker ants
  A killer bee zombie (D:5)
  A hound skeleton (D:4)
  A worker ant zombie (D:7)
  10 adders
  An ooze (D:2)
  2 adder skeletons
  6 worms
  7 leopard geckos
  28 orcs
  6 bats
  11 giant cockroaches
  6 goblins
  7 hobgoblins
  8 jackals
  9 quokkas
  5 frilled lizards
  2 kobolds (D:1)
  A quokka skeleton (D:6)
  A quokka zombie (D:6)
  7 rats
199 creatures vanquished.

Vanquished Creatures (others)
  An orc wizard (D:5)
1 creature vanquished.

Grand Total: 200 creatures vanquished

Notes
Turn   | Place    | Note
-------+----------+-------------------------------------------
     0 | D:1      | Menchi the Ghoul Fighter began the quest for the Orb.
     0 | D:1      | Reached XP level 1. HP: 19/19 MP: 0/0
   124 | D:1      | Reached XP level 2. HP: 12/26 MP: 1/1
   864 | D:2      | Reached XP level 3. HP: 30/33 MP: 2/2
   912 | D:2      | Found a sacrificial altar of Ru.
  1235 | D:2      | Reached skill level 4 in Fighting
  1273 | D:2      | Reached skill level 1 in Dodging
  1547 | D:2      | Reached XP level 4. HP: 29/39 MP: 3/3
  2107 | D:3      | Found a radiant altar of Vehumet.
  2226 | D:3      | Reached XP level 5. HP: 41/47 MP: 4/4
  2383 | D:3      | Found an iron altar of Okawaru.
  2383 | D:3      | Found a glowing silver altar of Zin.
  2383 | D:3      | Found a bloodstained altar of Trog.
  2557 | D:3      | Found a burning altar of Makhleb.
  2567 | D:3      | Became a worshipper of Makhleb the Destroyer
  3095 | D:4      | Noticed Sigmund
  3115 | D:4      | Killed Sigmund
  3115 | D:4      | Reached skill level 5 in Fighting
  3115 | D:4      | Reached XP level 6. HP: 51/56 MP: 5/5
  3152 | D:4      | Reached skill level 5 in Long Blades
  3597 | D:4      | Reached XP level 7. HP: 61/61 MP: 6/6
  3789 | D:4      | Found a runed translucent door.
  3790 | D:4      | Noticed Crazy Yiuf
  3798 | D:4      | Killed Crazy Yiuf
  3895 | D:5      | Entered Level 5 of the Dungeon
  4498 | D:5      | You fall through a shaft for 2 floors!
  4525 | D:7      | Reached XP level 8. HP: 60/70 MP: 4/7
  4533 | D:6      | Found Focuitan's Antique Armour Emporium.
  4537 | D:6      | Reached skill level 6 in Fighting
  4613 | D:6      | Bought a thick robe for 165 gold pieces
  4623 | D:6      | Identified the +1 robe of the Sunfish {rElec rCorr Dex-2
                  | Stlth+} (You bought it in a shop on level 6 of the Dungeon)
  4877 | D:5      | Noticed a yak
  4912 | D:5      | Killed a yak
  5203 | D:6      | Found a staircase to the Ecumenical Temple.
  5222 | D:6      | Reached skill level 7 in Fighting
  5253 | D:6      | Reached XP level 9. HP: 45/79 MP: 2/8
  5293 | D:6      | Found a glowing drain.
  5309 | D:6      | Reached * piety under Makhleb
  5764 | D:7      | Found a basalt altar of Yredelemnul.
  5804 | D:7      | Found Fubun's Jewellery Emporium.
  5822 | D:7      | Reached skill level 8 in Fighting
  5822 | D:7      | Reached skill level 5 in Dodging
  5973 | D:7      | Noticed Pikel
  5985 | D:7      | Reached ** piety under Makhleb
  6010 | D:7      | Killed Pikel
  6312 | D:7      | Reached skill level 9 in Fighting
  6698 | D:7      | Found a large runed translucent door.
  6698 | D:7      | Found a large runed translucent door.
  6699 | D:7      | Noticed OdinFK's ghost (novice DEFE)
  6810 | D:7      | Noticed Dowan
  6820 | D:7      | Killed Dowan
  6820 | D:7      | Noticed Duvessa
  6830 | D:7      | Killed Duvessa
  6830 | D:7      | Reached XP level 10. HP: 40/91 MP: 9/9
  7038 | D:7      | Bought a +4 amulet of reflection for 297 gold pieces
  7407 | D:8      | Found Rotzafil's Book Shop.
  7499 | D:8      | Reached skill level 10 in Fighting
  7667 | D:8      | Reached *** piety under Makhleb
  7963 | D:8      | HP: 4/92 [electric eel/bolt of electricity (16)]
  7965 | D:8      | Killed from afar by an electric eel

Skill      XL: |  1  2  3  4  5  6  7  8  9 10 |
---------------+-------------------------------+-----
Long Blades    | 2 3 4 5 6 7 8 |  8.4
Fighting       | 4 5 7 9 10 | 10.3
Dodging        | 1 2 4 6 7 |  7.8
Armour         | |  2.6
Shields        | |  2.6

Action                   |  1- 3 |  4- 6 |  7- 9 | 10-12 || total
-------------------------+-------+-------+-------+-------++-------
Melee: Long sword        |   118 |   153 |    50 |       ||   321
       Dagger            |       |       |   467 |   280 ||   747
Evoke: Wand              |       |     9 |    12 |    13 ||    34
  Use: Scroll            |     3 |     5 |     9 |     1 ||    18
       Potion            |       |       |     4 |     2 ||     6
 Stab: Paralysed         |       |       |     2 |     4 ||     6
  Eat: Chunk             |     8 |    11 |    43 |    16 ||    78
Armor: Scale mail        |    57 |    60 |   166 |    69 ||   352
Dodge: Dodged            |    73 |    90 |   261 |   137 ||   561
Block: Other             |       |       |       |    38 ||    38
       Rpst.: Long sword |    23 |    34 |     3 |       ||    60
